 Dungeon Sprint DCSS version 0.26-a0-649-gf8c6c3aab7 (webtiles) character file.

Game seed: 15473575714976861960

0 sahdkjhfkaj the Charlatan (level 3, -2/26 HPs)
             Began as an Octopode Artificer on Sept 27, 2020.
             Was an Initiate of Gozag.
             Slain by an iguana (14 damage)
             ... in the Dungeon (Sprint VI: "Thunderdome").
             The game lasted 00:01:04 (108 turns).

sahdkjhfkaj the Charlatan (Octopode Artificer)       Turns: 108, Time: 00:01:05

Health: -2/26      AC:  1    Str: 12    XL:     3   Next: 85%
Magic:  3/3        EV: 14    Int: 13    God:    Gozag
Gold:   299        SH:  0    Dex: 12    Spells: 2/2 levels left

rFire    . . .     SeeInvis .     - Unarmed
rCold    . . .     Faith    .   (no shield)
rNeg     . . .     Spirit   .   (helmet restricted)
rPois    .         Reflect  .   (no amulet)
rElec    .         Harm     .   (no ring)
rCorr    .         Rampage  .   (no ring)
MR       .....     NoTele   +   (no ring)
Stlth    +++.......             (no ring)
HPRegen  0.08/turn              (no ring)
MPRegen  0.08/turn              (no ring)
                                (no ring)
                                (no ring)

@: no status effects
A: almost no armour, stealthy swim, amphibious, 8 rings, constrict 8, camouflage
1, gelatinous body 1
a: Potion Petition, Call Merchant, Bribe Branch, Renounce Religion


You were in the Dungeon.
You worshipped Gozag.
Gozag was aware of your devotion.
You visited 1 branch You collected 299 gold pieces.

Inventory:

Hand Weapons
 a - a +0 club
Wands
 b - a wand of flame (14)
 c - a wand of enslavement (15)
 d - a wand of random effects (14)
 k - a wand of acid (5)
 l - a wand of iceblast (5)
Scrolls
 j - 4 scrolls of blinking
 m - 3 scrolls of fog
Potions
 e - a potion of curing
 f - 3 potions of heal wounds
 g - 4 potions of haste
 h - 2 potions of magic
 i - a potion of berserk rage
 n - a potion of resistance


   Skills:
 + Level 3.1 Fighting
 + Level 3.9 Dodging
 - Level 1.3 Stealth
 * Level 4.3 Unarmed Combat
 + Level 4.8 Evocations


You had 2 spell levels left.
You didn't know any spells.
Your spell library was empty.

Dungeon Overview and Level Annotations

Branches:
Dungeon (1/1)

Altars:
Cheibriados
Dithmenos
Fedhas
Gozag
Kikubaaqudgha
Makhleb
Okawaru
Qazlal
Ru
Sif Muna
Trog
Uskayaw
Vehumet
Wu Jian
Xom
Yredelemnul
Zin
The Shining One
Beogh
Jiyva
Lugonu

Shops:
D *[??**[((!!!!


Innate Abilities, Weirdness & Mutations

You cannot wear most types of armour.
You are very stealthy in the water. (Stealth+)
You are amphibious.
You can wear up to eight rings at the same time.
You can use your tentacles to constrict eight enemies at once.
Your skin changes colour to match your surroundings (Stealth+).
Your rubbery body absorbs attacks. (AC +1, EV +1)


Message History

The iguana misses you.
You tentacle-slap the iguana but do no damage.
You grab the iguana. You squeeze the iguana.
The iguana is lightly wounded.
You constrict the iguana, but do no damage.
The iguana bites you.
You tentacle-slap the iguana.
The iguana is moderately wounded. 10...
You constrict the iguana. The iguana bites you!
You tentacle-slap the iguana.
The iguana is heavily wounded.
You constrict the iguana. The iguana completely misses you.
You tentacle-slap the iguana.
You squeeze the iguana, but do no damage.
The iguana is severely wounded.
You constrict the iguana. The iguana bites you!
Ouch! That really hurt!
You die...
Your body crumbles into a pile of gold.

#_......._
###.........###
#⌠...........⌠#
######.8.........8.###
##.___......# #......__
###∩........8.# #.8......
#.............###........
⌠........l.###...###.....
⌠.......@..# #.<.# #.....
⌠..........###...###.....
#.............###........
###∩........8.# #.8......
##∩___.†...)###......_.
######.8..)......8.###
#⌠...........⌠#
###.........###
#_......._#


You could see an iguana.

Vanquished Creatures
  Terence (D)
  A worker ant (D)
  A leopard gecko (D)
  An orc (D)
4 creatures vanquished.

Notes
Turn   | Place    | Note
-------+----------+-------------------------------------------
     0 | D        | sahdkjhfkaj the Octopode Artificer began the quest for the
                  | Orb.
     0 | D        | Reached XP level 1. HP: 13/13 MP: 1/1
     3 | D        | Found a roughly hewn altar of Beogh.
     3 | D        | Found a glowing silver altar of Zin.
     4 | D        | Found a sacrificial altar of Ru.
     4 | D        | Found a snail-covered altar of Cheibriados.
     5 | D        | Found a blossoming altar of Fedhas.
     6 | D        | Found a glowing golden altar of the Shining One.
     6 | D        | Found a radiant altar of Vehumet.
     6 | D        | Found a corrupted altar of Lugonu.
     6 | D        | Found Gedus's Magic Scroll Shop.
     6 | D        | Found Xut Zecu's Staff Store.
     7 | D        | Found a shimmering blue altar of Sif Muna.
     7 | D        | Found an ancient bone altar of Kikubaaqudgha.
     7 | D        | Found an iron altar of Okawaru.
     7 | D        | Found Sisot's Identification Station.
     7 | D        | Round 1.
     8 | D        | Found Ushrus's Jewellery.
     8 | D        | Found Femaick's Advanced Armour.
     8 | D        | Noticed a worker ant
    10 | D        | Killed a worker ant
    10 | D        | Reached XP level 2. HP: 20/20 MP: 2/2
    13 | D        | Reached XP level 3. HP: 20/25 MP: 3/3
    16 | D        | Found a shadowy altar of Dithmenos.
    17 | D        | Found an ornate altar of the Wu Jian Council.
    18 | D        | Found a hide-covered altar of Uskayaw.
    19 | D        | Found a viscous altar of Jiyva.
    19 | D        | Found a basalt altar of Yredelemnul.
    19 | D        | Found a shimmering altar of Xom.
    19 | D        | Found Merah's Premium Goods.
    19 | D        | Found Fauliagu's Weapon Rack.
    20 | D        | Found Peiwinyc's Miscellaneous Merchandise.
    20 | D        | Found Exkecuj's Basic Armour.
    23 | D        | Found a bloodstained altar of Trog.
    26 | D        | Found Ilaonef's Do-It-Yourself Clinic.
    27 | D        | Found Xice's Bottled Wisdom.
    27 | D        | Found Onuonn's Distillery.
    27 | D        | Found a stormy altar of Qazlal.
    27 | D        | Found a burning altar of Makhleb.
    27 | D        | Found an opulent altar of Gozag.
    27 | D        | Found Oconkero's Distillery.
    37 | D        | Became a worshipper of Gozag Ym Sagoz the Greedy
    77 | D        | Noticed Terence
    92 | D        | Killed Terence
   108 | D        | Slain by an iguana

Illustrated notes

Levels and vault maps discovered:
D:        arena_sprint

Skill      XL: |  1  2  3 |
---------------+----------+-----
Fighting       | 2 3 |  3.1
Dodging        | 3 |  3.9
Unarmed Combat | 3 4 |  4.3
Evocations     | 4 |  4.8
Stealth        | |  1.3

Action                   || total
-------------------------++-------
Melee: Unarmed           ||    19
       Tentacles         ||     4
       Constrict         ||     3
Evoke: Wand              ||     2
  Use: Potion            ||     1
Dodge: Dodged            ||     7

Table legend: (Time is in decaauts)
 A = Elapsed time spent in this place.
 B = Non-inter-level travel time spent in this place.
 C = Inter-level travel time spent in this place.
 D = Time resting spent in this place.
 E = Time spent auto-exploring this place.
 F = Levels seen in this place.
 G = Mean time per level.
                   A        B        C        D        E       F      G
               +--------+--------+--------+--------+--------+-----+--------+
         Total |    104 |    104 |      0 |     28 |      0 |   1 |  104.0 |
       Dungeon |    104 |    104 |      0 |     28 |      0 |   1 |  104.0 |
               +--------+--------+--------+--------+--------+-----+--------+

Top non-repeatable levels by time:
       D: 104 daAuts
